 Dungeon Crawl Stone Soup version 0.31-a0-1074-g0b22e4e0f1 (webtiles) character file.

Game seed: 980528289885816196

32 javelincjr the Changeling (level 3, -1/26 HPs)
             Began as a Demonspawn Shapeshifter on Nov 29, 2023.
             Was an Initiate of Hepliaklqana.
             Slain by Terence
             ... wielding a +1 short sword of protection
              (6 damage)
             ... on level 2 of the Dungeon.
             The game lasted 00:03:10 (1023 turns).

javelincjr the Changeling (Demonspawn Shapeshifter) Turns: 1023, Time: 00:03:11

Health: -1/26      AC:  2    Str: 16    XL:     3   Next: 8%
Magic:  12/12      EV: 12    Int: 11    God:    Hepliaklqana [......]
Gold:   69         SH:  0    Dex: 12    Spells: 2/2 levels left

rFire   . .          .
                       - Unarmed
rCold   . . .        (no shield)
rNeg    . . .        a - +0 animal skin
rPois   .            (helmet currently unavailable)
rElec   .            (cloak currently unavailable)
rCorr   .            (gloves currently unavailable)
SInv    .            (boots currently unavailable)
Will    .....        (no amulet)
Stlth   +            e - ring of magical power
HPRegen 0.24/turn    (no ring)
MPRegen 0.13/turn

%: no passive effects
@: beast-form
A: beast (slay +1), claws 1
a: Begin Untransformation, Renounce Religion


You were on level 2 of the Dungeon.
You worshipped Hepliaklqana.
Hepliaklqana was noncommittal.
You were a hulking beast.
You visited 1 branch of the dungeon, and saw 2 of its levels.

You collected 69 gold pieces.

Inventory:

Armour
 a - a +0 animal skin (worn)
 h - a +0 chain mail
Jewellery
 e - a ring of magical power (left claw)
Talismans
 c - a beast talisman
 d - a flux talisman
 g - a granite talisman
Scrolls
 f - 2 scrolls of immolation {unknown}
 i - a scroll of identify {unknown}
 j - a scroll of teleportation {unknown}
Potions
 b - a potion of lignification


   Skills:
 - Level 1.0 Fighting
 - Level 2.0 Dodging
 - Level 3.0 Unarmed Combat
 + Level 0.2 Invocations
 * Level 3.3 Shapeshifting


You had 2 spell levels left.
You didn't know any spells.
Your spell library contained the following spells:

 Spells                   Type           Power      Damage    Failure   Level
 Sandblast                Erth           0%         2d4       34%         1
 Passwall                 Tmut/Erth      0%         N/A       47%         2
 Stone Arrow              Conj/Erth      0%         3d7       71%         3
 Brom's Barrelling Bould  Conj/Erth      0%         2d3       98%         4


Dungeon Overview and Level Annotations

Branches:
Dungeon (2/15)

Altars:
Hepliaklqana

Annotations:
D:2 Terence


Innate Abilities, Weirdness & Mutations

You are a hulking beast.
Your limbs bulge with bestial killing power. (Slay +1)
You have sharp fingernails.


Message History

The ball python barely misses you. x2
You scratch the ball python.
The ball python is moderately wounded.
The ball python closely misses you. The ball python grabs you.
The ball python constricts you.
You closely miss the ball python.
The ball python is moderately wounded.
The ball python barely misses you. The ball python constricts you.
You claw the ball python!
You kill the ball python!
You scratch Terence. You claw Terence, but do no damage.
Terence is moderately wounded.
Terence hits you with a +1 short sword of protection.
You barely miss Terence.
Terence is moderately wounded.
Terence hits you but does no damage.
You scratch Terence but do no damage.
Terence is moderately wounded.
Terence barely misses you.
You barely miss Terence.
Terence is moderately wounded.
You scratch Terence but do no damage.
Terence is moderately wounded.
Terence hits you with a +1 short sword of protection.
You scratch Terence but do no damage.
Terence is moderately wounded.
Terence shouts, "Get ready for death!"
Terence misses you.
You closely miss Terence. You claw Terence!
Terence is heavily wounded.
Terence hits you with a +1 short sword of protection.
* * * LOW HITPOINT WARNING * * *
You scratch Terence.
Terence is severely wounded.
Terence barely misses you.
You scratch Terence but do no damage.
Terence is severely wounded.
Terence hits you with a +1 short sword of protection.
You die...
Terence says, "Rest in peace."

##........#######.#..)...##
##........## #.##.#.#...
#...)......# # ..##.#...##
#..........##....###..##...
#.............### ##.....#
#..........# ###.#..
#..........# #..... ##.........#
#..... ##^.....#h# #.....
##).#####@####### #..... #..##
#.........# #..... ###.##
#.........# #..... #####...#
#.........# #..... ........#
#.........# ######
........##################### #
............................####
........###################.....


You could see Terence.

Vanquished Creatures
  2 bats (D:1)
  5 endoplasms
  6 goblins
  A hobgoblin (D:2)
  6 ball pythons
  4 kobolds
  2 rats (D:1)
26 creatures vanquished.

Notes
Turn   | Place    | Note
-------+----------+-------------------------------------------
     0 | D:1      | javelincjr the Demonspawn Shapeshifter began the quest for
                  | the Orb.
     0 | D:1      | Reached XP level 1. HP: 15/15 MP: 1/1
   227 | D:1      | Gained mutation: You have sharp fingernails. [demonic
                  | ancestry]
   227 | D:1      | Reached XP level 2. HP: 12/21 MP: 2/2
   830 | D:2      | Found a hazy altar of Hepliaklqana.
   835 | D:2      | Became a worshipper of Hepliaklqana the Forgotten
   858 | D:2      | Reached XP level 3. HP: 26/26 MP: 3/3
  1003 | D:2      | Noticed Terence
  1023 | D:2      | Slain by Terence

Illustrated notes

Levels and vault maps discovered:
D:1:      dpeg_arrival_simpleton_c, layout_basic, nrook_mini_backslash,
          lemuel_flame_loot_1
D:2:      layout_rooms, basic_altar, uniq_terence

Skill      XL: |  1  2 |
---------------+-------+-----
Dodging        | 2 |  2.0
Shapeshifting  | 3 |  3.3
Unarmed Combat | 3 |  3.0
Fighting       | |  1.0
Invocations    | |  0.2

Action                     || total
---------------------------++-------
  Melee: Unarmed           ||    67
         Punch             ||     2
 Armour: Animal skin       ||    31
  Dodge: Dodged            ||    45

Table legend: (Time is in decaauts)
 A = Elapsed time spent in this place.
 B = Non-inter-level travel time spent in this place.
 C = Inter-level travel time spent in this place.
 D = Time resting spent in this place.
 E = Time spent auto-exploring this place.
 F = Levels seen in this place.
 G = Mean time per level.
                   A        B        C        D        E       F      G
               +--------+--------+--------+--------+--------+-----+--------+
         Total |   1018 |    985 |     33 |     52 |    731 |   2 |  509.0 |
       Dungeon |   1018 |    985 |     33 |     52 |    731 |   2 |  509.0 |
               +--------+--------+--------+--------+--------+-----+--------+

Top non-repeatable levels by time:
     D:1: 827 daAuts
     D:2: 190 daAuts
